 Dungeon Crawl Stone Soup version 0.14.1-22-g2730a98 (webtiles) character file.

66 Kae the Firebug (level 3, 0/19 HPs)
             Began as a Tengu Fire Elementalist on June 10, 2014.
             Slain by a worker ant (3 damage)
             ... on Level 1 of the Dungeon.
             The game lasted 00:01:14 (1379 turns).

Kae the Firebug (Tengu Fire Elementalist)           Turns: 1379, Time: 00:01:15

HP   0/19        AC  2     Str  8      XL: 3   Next:  2%
MP   1/7         EV 12     Int 16      God:
Gold 42          SH  0     Dex 14      Spells:  1 memorised,  5 levels left

rFire  . . .     SeeInvis .     n - +0 spear
rCold  . . .     Clarity  .     a - +0 robe
rNeg   . . .     Conserve .     (no shield)
rPois  .         rCorr    .     (helmet restricted)
rElec  .         rRot     .     (no cloak)
SustAb . .       Spirit   .     (no gloves)
rMut   .         Warding  .     (boots unavailable)
Saprov . . .     Stasis   .     (no amulet)
MR     .....                    (no ring)
                                (no ring)

@: lethally poisoned, very slightly contaminated, not resistant to hostile
enchantments, fairly stealthy
A: beak, talons 3
a: no special abilities


You were on level 1 of the Dungeon.
You were near starving.

You visited 1 branch of the dungeon, and saw 1 of its levels.

You collected 42 gold pieces.

Inventory:

Hand weapons
 l - a +0,+0 short sword
 n - a +0,+0 spear (weapon)
Armour
 a - a +0 robe (worn)
Comestibles
 c - 2 bread rations
 d - an apple
Scrolls
 f - a scroll of remove curse {unknown}
 g - 3 scrolls of identify {unknown}
Jewellery
 m - an uncursed amulet of resist corrosion {unknown}
Potions
 e - a potion of magic {unknown}
 h - a potion of heal wounds {unknown}
 i - 3 potions of agility {unknown}
 j - a potion of curing {unknown}
 k - a potion of haste {unknown}
Books
 b - a book of Flames

   Spells                             Type                      Level
   *Flame Tongue                      Conjuration/Fire             1
   Throw Flame                        Conjuration/Fire             2
   Conjure Flame                      Conjuration/Fire             3
   Inner Flame                        Hexes/Fire                   3
   Sticky Flame                       Conjuration/Fire             4
   Fireball                           Conjuration/Fire             5


   Skills:
 - Level 2.1 Dodging
 - Level 2.0 Stealth
 + Level 2.1 Spellcasting
 * Level 2.5 Conjurations
 * Level 3.9 Fire Magic


You had 5 spell levels left.
You knew the following spells:

 Your Spells              Type           Power        Failure   Level  Hunger
a - Flame Tongue          Conj/Fire      ##...        8%          1    #......


Dungeon Overview and Level Annotations

Branches:
Dungeon (1/15)

Altars:


Innate Abilities, Weirdness & Mutations

You have a beak for a mouth.
You have claws for feet.


Message History

Casting: Flame Tongue
Confirm with . or Enter, or press ? or * to list all spells.
Aiming: Flame Tongue
Press: ? - help, Shift-Dir - straight line, f/p - worker ant
Aim: a worker ant (heavily wounded)
The flame tongue hits the worker ant.
The worker ant appears unharmed.
The worker ant is heavily wounded.
You feel sick. The worker ant completely misses you.
Casting: Flame Tongue
Confirm with . or Enter, or press ? or * to list all spells.
Aiming: Flame Tongue
Press: ? - help, Shift-Dir - straight line, f/p - worker ant
Aim: a worker ant (heavily wounded)
The flame tongue hits the worker ant.
The worker ant is heavily wounded.
* * * LOW HITPOINT WARNING * * *
You feel sick. The rat bites you.
* * * LOW HITPOINT WARNING * * *
The worker ant bites you.
You die...

........###..##..⌠...⌠..##.......
#..###.......#.....⌠.....##.#....
#............###.......## #.#....
##%###.#####..#####.##### #.#....
##.# #.# #..# #..# #.# #.###..
##.# #.#####..# #.## #.# #.# #.#
##.# #........# ##.## #.# #.# #.#
#.# #.##....####r..###.# #.###.#
##># #.#...###..@.......# #.##...
...###......##.##a.[##..# #......
..........)(((...(.###..######...
######......##(##### #...........
#.....###.# ##.######..# #...###
#># #.........# #.(.#####.#
#########.# #...(.(...# #..
##..####### ###


You could see a worker ant and a rat.

Vanquished Creatures
  A giant gecko (D:1)
  An ooze (D:1)
  A giant cockroach (D:1)
  3 hobgoblins (D:1)
  2 jackals (D:1)
  3 kobolds (D:1)
  5 bats (D:1)
  3 giant newts (D:1)
  2 rats (D:1)
21 creatures vanquished.

Notes
Turn   | Place    | Note
--------------------------------------------------------------
     0 | D:1      | Kae, the Tengu Fire Elementalist, began the quest for the Orb.
     0 | D:1      | Reached XP level 1. HP: 10/10 MP: 3/3
   255 | D:1      | Reached XP level 2. HP: 15/15 MP: 1/5
  1309 | D:1      | Reached XP level 3. HP: 8/19 MP: 1/7
  1379 | D:1      | Slain by a worker ant

Action                   || total
-------------------------++-------
Melee: Unarmed           ||    18
       Short sword       ||    10
       Spear             ||     8
 Cast: Flame Tongue      ||    32
 Stab: Sleeping          ||     1
